 Dungeon Crawl Stone Soup version 0.26-a0-665-gefeb406119 (webtiles) character file.

Game seed: 7805426981711117056

66007 funnypoop the Peltast (level 14, -2/127 (129) HPs)
             Began as a Minotaur Fighter on Oct 15, 2020.
             Was an Initiate of Gozag.
             Slain by a vampire knight
             ... wielding a +0 great sword
              (22 damage)
             ... on level 15 of the Dungeon.
             The game lasted 01:07:29 (18601 turns).

funnypoop the Peltast (Minotaur Fighter)           Turns: 18601, Time: 01:07:29

HP:   -2/127 (129)  AC: 24    Str: 36    XL:     14   Next: 77%
MP:   4/4           EV: 10    Int:  5    God:    Gozag
Gold: 4947          SH: 30    Dex: 12    Spells: 13/13 levels left

rFire    + + .     SeeInvis .   B - +5 scimitar (vamp)
rCold    . . .     Faith    .   e - +0 tower shield
rNeg     + . .     Spirit   .   J - +3 plate armour {rN+}
rPois    +         Reflect  +   (helmet restricted)
rElec    +         Harm     .   o - +0 cloak
rCorr    +         Rampage  .   A - +0 pair of gloves {Str+3}
MR       ++...                  G - +1 pair of boots "Dudierru" {rElec MR+}
Stlth    ..........             q - amulet of reflection
HPRegen  0.31/turn              E - ring "Reum Parhaxe" {Fire rPois MP-9 Str+3}
MPRegen  0.09/turn              I - +6 ring of strength

@: lethally poisoned (-2 -> -4), about to teleport, resistant, slowed, studying
Long Blades, very slow
A: retaliatory headbutt, horns 2
a: Potion Petition, Call Merchant, Bribe Branch, Renounce Religion


You were on level 15 of the Dungeon.
You worshipped Gozag.
Gozag was most pleased with you.
You visited 5 branches of the dungeon, and saw 19 of its levels.
You also visited: Ossuary.

You collected 5212 gold pieces.
You spent 247 gold pieces at shops.
You paid 18 gold pieces to Gozag.

Inventory:

Hand Weapons
 B - a +5 vampiric scimitar (weapon)
Missiles
 s - 38 poisoned darts (quivered)
Armour
 e - a +0 tower shield (worn)
 o - a +0 cloak (worn)
 A - a +0 pair of gloves of strength (worn)
 G - the +1 pair of boots "Dudierru" (worn) {rElec MR+}
   (You bought it in a shop on level 10 of the Dungeon)

   It insulates you from electricity.
   It affects your resistance to hostile enchantments.
 J - a +3 plate armour of positive energy (worn)
 S - the +1 robe "Bypol" {Int+4}
   (You found it on level 15 of the Dungeon)

   It affects your intelligence (+4).
Jewellery
 j - a +6 ring of intelligence
 l - a +6 ring of dexterity {unknown}
 n - a +4 ring of evasion {unknown}
 q - an amulet of reflection (around neck)
 E - the ring "Reum Parhaxe" (left hand) {Fire rPois MP-9 Str+3}
   (You found it on level 9 of the Dungeon)

   [ring of fire]

   It enhances your fire magic.
   It affects your strength (+3).
   It protects you from fire.
   It makes you vulnerable to cold.
   It protects you from poison.
   It affects your magic capacity (-9).
 I - a +6 ring of strength (right hand)
 Q - an uncursed ring of fire
Wands
 b - a wand of paralysis (24)
 d - a wand of polymorph (24)
 x - a wand of flame (91)
 z - a wand of enslavement (21)
 K - a wand of iceblast (14)
 P - a wand of random effects (10)
Scrolls
 c - 2 scrolls of teleportation
 f - 4 scrolls of amnesia
 g - 5 scrolls of identify
 h - 4 scrolls of immolation {unknown}
 i - 15 scrolls of remove curse
 p - 2 scrolls of fog {unknown}
 w - 4 scrolls of enchant armour {unknown}
 y - 2 scrolls of blinking {unknown}
 C - 3 scrolls of vulnerability
 D - 5 scrolls of magic mapping
 F - 2 scrolls of holy word {unknown}
 N - 2 scrolls of fear
Potions
 a - 3 potions of cancellation {unknown}
 k - 4 potions of curing
 m - 3 potions of heal wounds {unknown}
 r - 4 potions of lignification
 t - 5 potions of mutation
 u - 2 potions of haste
 H - a potion of flight {unknown}
 M - a potion of invisibility
 O - 2 potions of brilliance {unknown}
 T - a potion of berserk rage {unknown}
Books
 L - a manual of Long Blades
Miscellaneous
 R - a tin of tremorstones (3/3)


   Skills:
 + Level 13.0 Fighting
 - Level 14.0 Long Blades
   Level 5.1 Maces & Flails
 + Level 0.1 Throwing
 + Level 13.1 Armour
 + Level 4.8 Dodging
 - Level 1.3 Stealth
 + Level 19.3 Shields


You had 13 spell levels left.
You didn't know any spells.
Your spell library contained the following spells:

 Spells                   Type           Power        Failure   Level
 Animate Skeleton         Necr           #.....       99%         1
 Apportation              Tloc           #.....       99%         1
 Beastly Appendage        Tmut           #.....       99%         1
 Corona                   Hex            #......      99%         1
 Pain                     Necr           #...         99%         1
 Summon Small Mammal      Summ           #...         99%         1
 Wereblood                Tmut           #.......     100%        2
 Spider Form              Tmut/Pois      #.........   100%        3
 Vampiric Draining        Necr           #.........   100%        3
 Animate Dead             Necr           #.........   100%        4
 Ice Form                 Ice/Tmut       #.......     100%        4
 Agony                    Necr           #.......     100%        5
 Blade Hands              Tmut           #.........   100%        5


Dungeon Overview and Level Annotations

Branches:
Dungeon (15/15)            Temple (1/1) D:4            Lair (1/6) D:11
    Orc (1/2) D:11         Vaults (0/5) D:13         Depths (1/5) D:15
Ossuary (visited)

Altars:
Ashenzari
Cheibriados
Dithmenos
Elyvilon
Fedhas
Gozag
Hepliaklqana
Kikubaaqudgha
Makhleb
Nemelex Xobeh
Okawaru
Qazlal
Ru
Sif Muna
Trog
Uskayaw
Vehumet
Wu Jian
Xom
Yredelemnul
Zin
The Shining One

Shops:
D:4 (   D:10 [*([(   D:12 (   D:13 *

Annotations:
D:5 Eustachio
D:10 3 runed translucent doors, rtg's ghost, novice DEIE
D:14 2 runed translucent doors, Vejem's ghost, journeyman GrEE
Lair:1 Fannar
Orc:1 Jorgrun


Innate Abilities, Weirdness & Mutations

You reflexively headbutt those who attack you in melee.
You have a pair of horns on your head.


Message History

A cyclops comes into view.
As you read the scroll of teleportation, it crumbles to dust.
You feel strangely unstable.
You feel sick.
The centaur warrior unwields a +0 shortbow.
The centaur warrior wields an uncursed staff of poison.
You block the centaur warrior's attack. Something hits you but does no damage.
Something bites you but does no damage. You block the centaur warrior's attack.
You feel protected.
You feel sick.
The death drake changes into a faun!
You block the centaur warrior's attack.
Unholy energy fills the air.
* * * LOW HITPOINT WARNING * * *
You block the centaur warrior's attack. Something hits you!
* * * LOW HITPOINT WARNING * * *
Something bites you.
* * * LOW HITPOINT WARNING * * *
Something draws strength from your injuries!
You barely miss something. You headbutt something.
You block the centaur warrior's attack. x2; Something hits you!!
You die...
Your body crumbles into a pile of gold.

###..<.<.##§...#.+#.P8P..#..###
#.....>..##§(##..#..⌠P..#+#....
#........##§(....+#$.....#.....
###########§.....###$#.####.#.#
#≈##.....#'#(######'#)
§≈≈≈###'..<..($..§≈##.#)# $
§§§§##c#+....$.##=≈##....
..((..c#{#+....#...§##...#
.#(##..+#@#+...#..?§##..#. $ (.
#...+#c##"$$.§§≈##.#..
#.....'###≈§≈§§§≈##....
#.:.....##§#############
....[.##.(≈##############
(#..C# #.§§ #............ $
##.# ...§ #..<...#...#. ..
.#.§§ #.<..#...#... c.$
#..<...#...#.


You could see 2 centaur warriors, a faun shaped shifter and a cyclops.

Vanquished Creatures
  A storm dragon (D:15)
  An iron dragon (D:15)
  A ghoul (D:13)
  A fire dragon (D:15)
  2 yaktaur captains (D:15)
  The ghost of Vykige the Cleaver, a journeyman DDFi of Makhleb (D:12)
  Erolcha (D:8)
  4 boulder beetles
  A rakshasa (D:15)
  5 hydras
  An ogre mage (D:15)
  5 two-headed ogres
  3 centaur warriors (D:15)
  An orc high priest (D:15)
  A fire crab (D:15)
  5 skeletal warriors
  A sea snake (shapeshifter) (D:15)
  4 unseen horrors
  A deep elf archer (D:15)
  A glowing orange brain (D:15)
  A wolf spider zombie (D:13)
  A necromancer (D:13)
  An orb spider (shapeshifter) (D:15)
  8 ugly things
  2 deep elf magi
  3 manticores (D:15)
  9 cyclopes
  Psyche (D:12)
  2 gargoyles
  4 kobold demonologists (D:12)
  A komodo dragon (D:11)
  Maggie (D:6)
  A freezing wraith (D:15)
  6 trolls
  A tengu conjurer (D:15)
  A hornet (D:13)
  A meliai (shapeshifter) (D:15)
  A guardian mummy (D:13)
  A wolf spider simulacrum (D:15)
  Prince Ribbit (D:7)
  11 slime creatures
  A shadow (D:15)
  4 wraiths
  A wyvern (D:14)
  A vampire (D:15)
  A tarantella (shapeshifter) (D:15)
  25 yaks
  A basilisk (D:15)
  8 vampire mosquitoes
  An acid dragon (D:13)
  2 soldier ants
  2 water moccasins
  14 orc warriors
  A sky beast (D:9)
  6 ice beasts
  3 necrophages
  A black bear (D:8)
  3 phantoms
  2 eyes of draining
  7 ogres
  A boggart (D:15)
  13 centaurs
  An elf zombie (Ossuary)
  11 big kobolds
  7 bullfrogs
  Blork the orc (D:6)
  A gnoll sergeant (D:6)
  A wyvern zombie (D:9)
  A water moccasin zombie (D:11)
  A wyvern skeleton (D:14)
  15 killer bees
  3 scorpions
  A water moccasin skeleton (D:10)
  18 wights
  2 vampire bats (D:6)
  5 howler monkeys
  11 centaur zombies
  3 quasits
  4 bullfrog zombies
  3 hounds
  3 jellies
  8 centaur skeletons
  Crazy Yiuf (D:3)
  7 orc priests
  17 orc wizards
  2 bullfrog skeletons
  Natasha (twice) (D:3)
  3 iguanas
  6 worker ants
  A big kobold zombie (Ossuary)
  A hound zombie (D:6)
  A hound skeleton (D:4)
  8 mummies
  18 adders
  4 gnolls (D:6)
  2 shadow imps
  4 white imps
  An ufetubus (D:7)
  An ooze (D:8)
  3 adder zombies
  2 worms
  A dart slug (D:2)
  10 leopard geckos
  64 orcs
  2 ball pythons
  4 bats
  2 bat skeletons (D:6)
  3 bat zombies (D:6)
  8 giant cockroaches
  7 goblins
  11 hobgoblins
  23 jackals
  12 kobolds
  4 quokkas
  4 frilled lizards
  12 hobgoblin zombies (Ossuary)
  2 jackal zombies (Ossuary)
  7 kobold zombies (Ossuary)
  8 orc zombies (Ossuary)
  A quokka skeleton (D:5)
  7 rats
  A rat zombie (Ossuary)
574 creatures vanquished.

Vanquished Creatures (others)
  An unseen horror (D:15)
  A vampire mosquito (D:15)
  A sky beast (D:9)
  A kobold (D:10)
  A fungus (Lair:1)
  5 plants
  5 withered plants (D:13)
15 creatures vanquished.

Grand Total: 589 creatures vanquished

Notes
Turn   | Place    | Note
-------+----------+-------------------------------------------
     0 | D:1      | funnypoop the Minotaur Fighter began the quest for the Orb.
     0 | D:1      | Reached XP level 1. HP: 19/19 MP: 0/0
   248 | D:1      | Reached XP level 2. HP: 20/27 MP: 1/1
   604 | D:1      | Reached skill level 4 in Shields
  1027 | D:2      | Reached XP level 3. HP: 30/33 MP: 2/2
  1452 | D:2      | Found a sparkling altar of Nemelex Xobeh.
  1452 | D:2      | Found an opulent altar of Gozag.
  1477 | D:2      | Became a worshipper of Gozag Ym Sagoz the Greedy
  1557 | D:2      | Found a sacrificial altar of Ru.
  1818 | D:3      | Reached XP level 4. HP: 7/40 MP: 3/3
  2501 | D:3      | Noticed Natasha
  2514 | D:3      | Killed Natasha
  2715 | D:3      | Found a shimmering blue altar of Sif Muna.
  2715 | D:3      | Found an iron altar of Okawaru.
  2718 | D:3      | Reached XP level 5. HP: 46/46 MP: 4/4
  2723 | D:3      | Found a snail-covered altar of Cheibriados.
  2728 | D:3      | Found a bloodstained altar of Trog.
  2730 | D:3      | Found a hide-covered altar of Uskayaw.
  2793 | D:3      | Found a runed translucent door.
  2794 | D:3      | Noticed Crazy Yiuf
  2801 | D:3      | Killed Crazy Yiuf
  3025 | D:3      | Reached skill level 5 in Shields
  3256 | D:3      | Noticed Natasha
  3262 | D:3      | Killed Natasha
  3499 | D:4      | Found a staircase to the Ecumenical Temple.
  3509 | Temple   | Entered the Ecumenical Temple
  3667 | D:4      | Found Yluomal's Antique Weapon Boutique.
  3692 | D:4      | Reached skill level 5 in Armour
  3789 | D:4      | Reached XP level 6. HP: 48/52 MP: 5/5
  4403 | D:5      | Entered Level 5 of the Dungeon
  4482 | D:5      | Found a sand-covered staircase.
  4488 | Ossuary  | Entered an ossuary
  4593 | Ossuary  | Reached skill level 5 in Long Blades
  4651 | Ossuary  | Reached skill level 1 in Dodging
  4662 | Ossuary  | Reached skill level 6 in Shields
  4684 | Ossuary  | Reached XP level 7. HP: 5/60 MP: 6/6
  4691 | Ossuary  | HP: 2/60 [elf zombie (4)]
  4693 | Ossuary  | Reached skill level 5 in Fighting
  4696 | Ossuary  | HP: 2/61 [hobgoblin zombie (1)]
  4702 | Ossuary  | HP: 2/61 [rat zombie (1)]
  5633 | D:5      | Found a radiant altar of Vehumet.
  5785 | D:5      | Reached skill level 7 in Shields
  6122 | D:6      | Noticed Eustachio
  6225 | D:6      | Reached skill level 1 in Maces & Flails
  6380 | D:6      | Reached XP level 8. HP: 68/68 MP: 7/7
  6523 | D:6      | Found a hazy altar of Hepliaklqana.
  6727 | D:6      | Found an ancient bone altar of Kikubaaqudgha.
  7033 | D:6      | Reached skill level 8 in Shields
  7258 | D:6      | Noticed Maggie
  7277 | D:6      | Killed Maggie
  7277 | D:6      | Reached skill level 5 in Maces & Flails
  7607 | D:6      | Noticed Blork the orc
  7619 | D:6      | Killed Blork the orc
  7833 | D:7      | Reached skill level 9 in Shields
  7887 | D:7      | Reached XP level 9. HP: 74/75 MP: 8/8
  8374 | D:7      | Noticed Prince Ribbit
  8397 | D:7      | Killed Prince Ribbit
  8565 | D:8      | Found a sparkling altar of Nemelex Xobeh.
  8773 | D:8      | Reached skill level 10 in Shields
  8874 | D:8      | Found a blossoming altar of Fedhas.
  9096 | D:9      | Noticed Erolcha
  9111 | D:8      | Killed Erolcha
  9111 | D:8      | Reached XP level 10. HP: 62/86 MP: 9/9
  9249 | D:9      | Found a shadowy altar of Dithmenos.
  9325 | D:9      | Reached skill level 11 in Shields
  9596 | D:9      | Got a twitching glass ring
  9597 | D:9      | Identified the ring "Reum Parhaxe" {Fire rPois MP-9 Str+3}
                  | (You found it on level 9 of the Dungeon)
  9655 | D:9      | Reached skill level 10 in Long Blades
 10019 | D:10     | Entered Level 10 of the Dungeon
 10125 | D:10     | Noticed a gargoyle
 10139 | D:10     | Killed a gargoyle
 10226 | D:10     | Reached skill level 1 in Stealth
 10226 | D:10     | Reached XP level 11. HP: 94/94 MP: 1/10
 10314 | D:10     | Found a runed translucent gate.
 10315 | D:10     | Found a runed translucent gate.
 10316 | D:10     | Found a runed translucent gate.
 10317 | D:10     | Noticed rtg's ghost (novice DEIE)
 10330 | D:10     | Reached skill level 12 in Shields
 10372 | D:10     | Found Umisox's Antique Armour Shoppe.
 10375 | D:10     | Bought a pair of spiked boots for 199 gold pieces
 10375 | D:10     | Identified the +1 pair of boots "Dudierru" {rElec MR+} (You
                  | bought it in a shop on level 10 of the Dungeon)
 10402 | D:10     | Found Lananaq's Weapon Emporium.
 10497 | D:10     | Found Miorig's Antique Armour Shop.
 10618 | D:10     | Found Bituntoe's Assorted Antiques.
 10637 | D:10     | Bought a scroll of identify for 48 gold pieces
 10674 | D:10     | Found Zautit's Antique Weapon Emporium.
 10991 | D:11     | Noticed a green ugly thing
 11035 | D:10     | Killed a green ugly thing
 11163 | D:11     | Found a staircase to the Lair.
 11163 | D:11     | Noticed a cyan ugly thing
 11169 | D:11     | Killed a cyan ugly thing
 11180 | Lair:1   | Entered Level 1 of the Lair of Beasts
 11239 | Lair:1   | Noticed Fannar
 11762 | D:11     | Noticed a boulder beetle
 11777 | D:11     | Killed a boulder beetle
 11997 | D:11     | Found a staircase to the Orcish Mines.
 12114 | Orc:1    | Entered Level 1 of the Orcish Mines
 12114 | Orc:1    | Noticed Jorgrun
 12174 | D:11     | Reached skill level 13 in Shields
 12653 | D:12     | Found Miudy's Weapon Emporium.
 12719 | D:12     | Killed an unseen horror
 13132 | D:12     | Got a steaming great sword
 13133 | D:12     | Identified the +7 great sword of a ziggurat {vorpal, +Rage}
                  | (You found it on level 12 of the Dungeon)
 13203 | D:12     | Found a runed translucent gate.
 13203 | D:12     | Found a runed translucent gate.
 13203 | D:12     | Found a runed translucent gate.
 13204 | D:12     | Noticed Vykige's ghost (journeyman DDFi)
 13204 | D:12     | Identified the +1 short sword of Sin {pain, rElec Str+2}
 13204 | D:12     | Identified the +6 dagger "Bereuboda" {venom, +Inv rElec
                  | Int-2}
 13268 | D:12     | Noticed a sixfirhy
 13275 | D:12     | Killed Vykige's ghost
 13275 | D:12     | Reached XP level 12. HP: 104/104 MP: 2/11
 13285 | D:12     | Reached skill level 10 in Armour
 13613 | D:12     | Noticed Psyche
 13618 | D:12     | Killed Psyche
 13852 | D:12     | Reached skill level 14 in Shields
 14660 | D:13     | Noticed a ghoul
 14688 | D:13     | Killed a ghoul
 14688 | D:13     | Reached skill level 10 in Fighting
 14688 | D:13     | Reached skill level 15 in Shields
 14688 | D:13     | Noticed a six-headed hydra
 14706 | D:13     | Killed a ten-headed hydra
 14800 | D:13     | Found a gate to the Vaults.
 14800 | D:13     | Noticed a two-headed ogre
 14811 | D:13     | Reached XP level 13. HP: 103/114 MP: 3/12
 14899 | D:13     | Found Ehyte's General Store.
 14949 | D:13     | Reached skill level 16 in Shields
 15756 | D:14     | Found a shimmering altar of Xom.
 15807 | D:14     | Noticed Vejem's ghost (journeyman GrEE)
 15808 | D:14     | Noticed a lich
 15809 | D:14     | Noticed a frost giant
 16355 | D:14     | Found a runed translucent door.
 16362 | D:14     | Noticed a dire elephant
 16430 | D:14     | Found a runed translucent door.
 16441 | D:14     | Noticed an ettin
 16444 | D:14     | Noticed a fire dragon
 16444 | D:14     | an ettin changed into a fire dragon
 16450 | D:14     | a fire dragon changed into a glowing orange brain
 16525 | D:15     | Entered Level 15 of the Dungeon
 16791 | D:15     | Reached skill level 17 in Shields
 16951 | D:15     | Noticed a fire dragon
 16976 | D:15     | Killed a fire dragon
 17319 | D:15     | Reached XP level 14. HP: 125/125 MP: 4/13
 17328 | D:15     | Found a staircase to the Depths.
 17340 | Depths:1 | Entered Level 1 of the Depths
 17416 | D:15     | Found a blossoming altar of Fedhas.
 17417 | D:15     | Found a sparkling altar of Nemelex Xobeh.
 17417 | D:15     | Found a shimmering altar of Xom.
 17702 | D:15     | Reached skill level 18 in Shields
 18319 | D:15     | Noticed an iron dragon
 18347 | D:15     | Killed an iron dragon
 18347 | D:15     | Reached skill level 19 in Shields
 18445 | D:15     | Got a tattered robe
 18446 | D:15     | Identified the +1 robe "Bypol" {Int+4} (You found it on
                  | level 15 of the Dungeon)
 18507 | D:15     | Noticed a storm dragon
 18521 | D:15     | Killed a storm dragon
 18534 | D:15     | Noticed a vampire knight
 18601 | D:15     | Slain by a vampire knight

Illustrated notes

Levels and vault maps discovered:
D:1:      minmay_arrival_plants_in_alcoves, layout_loops_corners
D:2:      layout_basic, nicolae_ru_the_path_less_chosen,
          grunt_temple_overflow_opulence, minmay_close_crescents
D:3:      layout_basic, chequers_temple_overflow_minitemple,
          uniq_crazy_yiuf_cottage, uniq_natasha
D:4:      layout_basic, minmay_temple_entry_large_hall, serial_shops,
          nicolae_shop_stone
D:5:      layout_basic, lemuel_coloured_pillars_altar,
          nicolae_ossuary_entry_plus, minmay_fractal_squares_diagonal_5
D:6:      layout_loops_cross, kennysheep_mini, kennysheep_vampire_church,
          uniq_maggie, uniq_eustachio, uniq_blork_the_orc
D:7:      layout_loops_cross, minmay_chambers_of_fives, uniq_prince_ribbit1
D:8:      layout_rooms, kennysheep_little_box, nemelex_dance_club_becter
D:9:      layout_cave_pods, nicolae_dithmenos_shadow_blocks,
          serial_column_ruins, column_ruins_courtyard_long,
          column_ruins_open_tiny, column_ruins_open_tiny, column_ruins_grid_1,
          column_ruins_open_small, column_ruins_open_tiny, uniq_erolcha
D:10:     nicolae_whirlpool, layout_irregular_city, serial_shops,
          shop_fountains, shop, nicolae_shop_behind_doors, nicolae_shop_trees,
          shop, gammafunk_ghost_necromancy
D:11:     layout_roguey, lair_entry_dummy, david_orc_4
D:12:     layout_stronghold, gammafunk_ghost_nasty_kobolds, serial_shops,
          nicolae_shop_waterfront, uniq_psyche
D:13:     layout_basic, david_vaults_1, serial_shops, shop_statue,
          serial_undead, serial_undead_b, serial_undead_d, serial_undead_f,
          serial_undead_f
D:14:     layout_loops_corners, basic_altar, muffindrake_ghost_dual_entry
D:15:     hangedman_slaughterboxes, serial_shops
Temple:   dpeg_three_leaves_temple
Lair:1:   layout_big_grid, uniq_fannar
Orc:1:    layout_caves, serial_shops, shop, nicolae_orc_bridge_out, uniq_jorgrun
Depths:1: layout_forbidden_donut, nicolae_twisting_strands, enter_trove_0,
          serial_hangedman_research, hangedman_research_geology,
          hangedman_research_thermodynamics, hangedman_research_convocations,
          hangedman_research_probablistics, hangedman_research_quantum,
          hangedman_research_pyrotechnics, hangedman_coc_ice_floe,
          chequers_decorated_corner, hangedman_abyss_or_decor_clamps

Skill      XL: |  1  2  3  4  5  6  7  8  9 10 11 12 13 14 |
---------------+-------------------------------------------+-----
Armour         | 4 5 7 8 9 10 12 13 | 13.1
Shields        | 4 5 6 7 9 10 11 13 15 17 19 | 19.3
Long Blades    | 3 4 5 6 9 11 13 14 | 14.0
Fighting       | 4 5 7 9 10 11 13 | 13.0
Dodging        | 1 2 3 4 |  4.8
Maces & Flails | 1 5 |  5.1
Stealth        | 1 |  1.3
Throwing       | |  0.1

Action                   |  1- 3 |  4- 6 |  7- 9 | 10-12 | 13-15 || total
-------------------------+-------+-------+-------+-------+-------++-------
Melee: Long sword        |   127 |   254 |    75 |       |       ||   456
       Headbutt          |    17 |    49 |    69 |   222 |   224 ||   581
       Mace              |       |       |   190 |       |       ||   190
       Scimitar          |       |       |   170 |   739 |   533 ||  1442
       War axe           |       |       |    12 |       |       ||    12
Throw: Dart              |       |       |       |       |     6 ||     6
  Use: Potion            |       |     1 |     2 |     2 |     1 ||     6
       Scroll            |       |       |     8 |    11 |     6 ||    25
 Stab: Distracted        |       |       |       |     7 |     3 ||    10
Armor: Scale mail        |    43 |   119 |    36 |       |       ||   198
       Plate armour      |       |       |   207 |   196 |   161 ||   564
Dodge: Dodged            |    24 |    38 |    69 |    67 |    72 ||   270
Block: Tower shield      |    97 |   195 |   434 |   737 |   533 ||  1996
       Kite shield       |     3 |       |       |       |       ||     3
       Reflection        |       |       |       |    45 |    40 ||    85
       Rpst.: Long sword |     6 |     9 |     3 |       |       ||    18
       Scimitar          |       |       |     7 |    15 |    16 ||    38

Table legend: (Time is in decaauts)
 A = Elapsed time spent in this place.
 B = Non-inter-level travel time spent in this place.
 C = Inter-level travel time spent in this place.
 D = Time resting spent in this place.
 E = Time spent auto-exploring this place.
 F = Levels seen in this place.
 G = Mean time per level.
                   A        B        C        D        E       F      G
               +--------+--------+--------+--------+--------+-----+--------+
         Total |  18656 |  18379 |    277 |   4678 |   5058 |  20 |  932.8 |
       Dungeon |  17866 |  17589 |    277 |   4378 |   5058 |  15 | 1191.1 |
        Temple |     83 |     83 |      0 |      0 |      0 |   1 |   83.0 |
          Lair |     98 |     98 |      0 |      0 |      0 |   1 |   98.0 |
  Orcish Mines |      1 |      1 |      0 |      0 |      0 |   1 |    1.0 |
        Depths |      1 |      1 |      0 |      0 |      0 |   1 |    1.0 |
       Ossuary |    604 |    604 |      0 |    300 |      0 |   1 |  604.0 |
               +--------+--------+--------+--------+--------+-----+--------+

Top non-repeatable levels by time:
    D:15: 1992 daAuts
    D:11: 1911 daAuts
     D:6: 1726 daAuts
     D:3: 1701 daAuts
    D:12: 1350 daAuts
    D:14: 1211 daAuts
     D:5: 1204 daAuts
     D:1: 987 daAuts
    D:10: 948 daAuts
     D:9: 934 daAuts
     D:4: 897 daAuts
     D:2: 845 daAuts
    D:13: 778 daAuts
     D:8: 737 daAuts
     D:7: 639 daAuts
